 Dungeon Crawl Stone Soup version 0.27-a0-906-g0a00ce863d (webtiles) character file.

Game seed: 18275835272020557937

63 kae the Ruffian (level 3, -12/28 HPs)
             Began as a Demonspawn Gladiator on Apr 6, 2021.
             Mangled by a gnoll
             ... wielding a +0 flail of protection
              (13 damage)
             ... on level 2 of the Dungeon.
             The game lasted 00:01:36 (2607 turns).

kae the Ruffian (Demonspawn Gladiator)              Turns: 2607, Time: 00:01:36

Health: -12/28     AC:  4    Str: 15    XL:     3   Next: 87%
Magic:  3/3        EV: 12    Int:  9    God:
Gold:   106        SH:  0    Dex: 14    Spells: 2/2 levels left

rFire    . . .     SeeInvis .     - Unarmed
rCold    . . .     Faith    .   (no shield)
rNeg     . . .     Spirit   .   a - +0 leather armour
rPois    .         Reflect  .   b - +0 helmet
rElec    .         Harm     .   (no cloak)
rCorr    .         Rampage  .   (no gloves)
Will     .....                  (no boots)
Stlth    +.........             (no amulet)
HPRegen  0.09/turn              (no ring)
MPRegen  0.08/turn              (no ring)

@: no status effects
A: spiny 1, demonic magic 1
a: no special abilities


You were on level 2 of the Dungeon.
You visited 1 branch of the dungeon, and saw 4 of its levels.

You collected 106 gold pieces.

Inventory:

Missiles
 c - 3 throwing nets (quivered)
 f - 4 curare-tipped darts
Armour
 a - a +0 leather armour (worn)
 b - a +0 helmet (worn)
Scrolls
 e - 3 scrolls of identify
 g - a scroll of teleportation
Potions
 d - a potion of heal wounds
 h - a potion of curing


   Skills:
 + Level 2.7 Fighting
 - Level 1.7 Throwing
 + Level 3.2 Dodging
 * Level 3.6 Unarmed Combat


You had 2 spell levels left.
You didn't know any spells.
Your spell library contained the following spells:

 Spells                   Type           Power      Damage    Failure   Level
 Animate Skeleton         Necr           0%         N/A       45%         1
 Apportation              Tloc           0%         N/A       45%         1
 Corona                   Hex            0%         N/A       45%         1
 Summon Small Mammal      Summ           0%         N/A       45%         1
 Static Discharge         Conj/Air       0%         N/A       83%         3
 Lightning Bolt           Conj/Air       0%         1d11      100%        5
 Ignition                 Fire           0%         3d3       100%        8
 Shatter                  Erth           0%         3d5*      100%        9
 Tornado                  Air            0%         N/A       100%        9


Dungeon Overview and Level Annotations

Branches:
Dungeon (4/15)
 Temple: D:4-7

Altars:


Innate Abilities, Weirdness & Mutations

You are partially covered in sharp spines.
Spells you cast may paralyse adjacent enemies.


Message History

A quokka and 4 gnolls come into view.
A gnoll is wielding a +0 flail of protection.
The gnoll shouts! x2
Found a dagger and 31 stones.
There is a stone staircase leading up here.
There are monsters nearby!
There are monsters nearby!
The gnoll shouts!
A frilled lizard comes into view.
You barely miss the quokka.
The frilled lizard hisses angrily.
The quokka is struck by your spines. The quokka barely misses you.
You hit the quokka.
You kill the quokka!
The gnoll closely misses you. The gnoll hits you with a +0 flail!
The gnoll closely misses you. x2
You climb upwards.
There is a stone staircase leading down here.
You hit the gnoll.
The gnoll is moderately wounded.
The gnoll closely misses you. The gnoll is struck by your spines.
The gnoll closely misses you.
You hit the gnoll.
The gnoll is heavily wounded.
The gnoll hits you with a +0 flail!
The gnoll hits you with a +0 flail of protection.
* * * LOW HITPOINT WARNING * * *
You are too injured to fight recklessly!
You are too injured to fight recklessly!
You are too injured to fight recklessly!
You are too injured to fight recklessly!
You are too injured to fight recklessly!
You are too injured to fight recklessly!
You hit the gnoll but do no damage.
The gnoll is heavily wounded.
The gnoll hits you with a +0 flail.
* * * LOW HITPOINT WARNING * * *
The gnoll is struck by your spines.
The gnoll hits you with a +0 flail of protection!
You die...

.#.#####.....#8###8##............
.#.# ##........................
...### #........................
##...# ##............#........###
.....###.....#8###8###.##########
##.#.#8.....########...### #...
##...#.....###...........# #.##
##........8# #...........# #.#
##.......#####.g@#.......# #.##
##......##.....g.........# #...
##...#8##.<..............# ####
.#...###..##.........#####
##.#......##.#.......#
.#.#.......#.#.......############
.#.#.......#.###.................
...........#.........############
.#..................#############


You could see 2 gnolls.

Vanquished Creatures
  An adder (D:2)
  A worm (D:2)
  A dart slug (D:2)
  3 orcs (D:4)
  3 ball pythons
  4 endoplasms
  2 giant cockroaches (D:1)
  3 goblins
  2 hobgoblins (D:1)
  6 jackals
  4 kobolds (D:1)
  2 quokkas
  3 bats
  3 frilled lizards
  6 rats
44 creatures vanquished.

Notes
Turn   | Place    | Note
-------+----------+-------------------------------------------
     0 | D:1      | kae the Demonspawn Gladiator began the quest for the Orb.
     0 | D:1      | Reached XP level 1. HP: 16/16 MP: 1/1
   261 | D:1      | Gained mutation: Spells you cast may paralyse adjacent
                  | enemies. [demonic ancestry]
   261 | D:1      | Reached XP level 2. HP: 19/22 MP: 2/2
   989 | D:1      | Gained mutation: You are partially covered in sharp spines.
                  | [demonic ancestry]
   989 | D:1      | Reached XP level 3. HP: 24/28 MP: 3/3
  1356 | D:2      | You fall into a shaft and drop 2 floors!
  1909 | D:2      | HP: 1/28 [poisoned by an adder]
  2607 | D:2      | HP: 1/28 [gnoll/+0 flail (6)]
  2607 | D:2      | Mangled by a gnoll

Illustrated notes

Levels and vault maps discovered:
D:1:      grunt_arrival_crossed_arrows, layout_loops_ring, minmay_quantized
D:2:      layout_basic, chequers_hall_statues_y
D:3:      cheibrodos_pilgrimage, layout_rooms, shapermc_ecumenical_altar_gd
D:4:      layout_rooms, minmay_misc_feat_hallway,
          chequers_serial_rivers_micro_b, minmay_fractal_squares_gapless_5,
          uniq_sigmund

Skill      XL: |  1  2 |
---------------+-------+-----
Unarmed Combat | 3 |  3.6
Dodging        | 3 |  3.2
Fighting       | |  2.7
Throwing       | |  1.7

Action                   || total
-------------------------++-------
Melee: Unarmed           ||   153
       Punch             ||     3
  Use: Scroll            ||     5
 Stab: Sleeping          ||     1
Armor: Leather armour    ||    31
Dodge: Dodged            ||    84

Table legend: (Time is in decaauts)
 A = Elapsed time spent in this place.
 B = Non-inter-level travel time spent in this place.
 C = Inter-level travel time spent in this place.
 D = Time resting spent in this place.
 E = Time spent auto-exploring this place.
 F = Levels seen in this place.
 G = Mean time per level.
                   A        B        C        D        E       F      G
               +--------+--------+--------+--------+--------+-----+--------+
         Total |   2600 |   2558 |     42 |      2 |   2243 |   4 |  650.0 |
       Dungeon |   2600 |   2558 |     42 |      2 |   2243 |   4 |  650.0 |
               +--------+--------+--------+--------+--------+-----+--------+

Top non-repeatable levels by time:
     D:2: 1348 daAuts
     D:1: 1204 daAuts
     D:3: 33 daAuts
     D:4: 13 daAuts
